 Dungeon Crawl Stone Soup version 0.25-a0-737-g26c3a87c45 (webtiles) character file.

Game seed: 11178905588350280362, levelgen mode: deterministic

7277 Hastur the Frost Mage (level 10, -6/88 HPs)
             Began as a Black Draconian Ice Elementalist on Apr 12, 2020.
             Was a Priest of Sif Muna.
             Mangled by a hornet (11 damage)
             ... on level 9 of the Dungeon.
             The game lasted 00:23:09 (9789 turns).

Hastur the Frost Mage (DrIE)                        Turns: 9789, Time: 00:23:09

Health: -6/88      AC: 10    Str: 10    XL:     10   Next: 89%
Magic:  17/19      EV: 12    Int: 20    God:    Sif Muna [***...]
Gold:   580        SH:  0    Dex: 11    Spells: 11/22 levels left

rFire    . . .     SeeInvis .   b - +0 dagger (venom)
rCold    . . .     Gourm    +   (no shield)
rNeg     . . .     Faith    .   (armour unavailable)
rPois    .         Spirit   .   (helmet restricted)
rElec    +         Reflect  .   M - +2 cloak
rCorr    .         Harm     .   (no gloves)
MR       +....                  (no boots)
Stlth    ++........             p - amulet of the gourmand
HPRegen  0.24/turn              n - ring of protection from magic
MPRegen  0.16/turn              (no ring)

@: lethally poisoned (-6 -> -10), short of breath, frozen ramparts, slowed, very
slow
A: breathe lightning, unfitting armour, electricity resistance, cold-blooded, AC
+7
a: Breathe Lightning, Channel Magic, Forget Spell, Renounce Religion


You were on level 9 of the Dungeon.
You worshipped Sif Muna.
Sif Muna was most pleased with you.
You were full.

You visited 2 branches of the dungeon, and saw 10 of its levels.

You collected 580 gold pieces.

Inventory:

Hand Weapons
 a - a +2 hunting sling of flaming
 b - a +0 dagger of venom (weapon)
 k - a +1 short sword of holy wrath
Missiles
 f - 209 stones (quivered)
 j - 6 throwing nets
 z - 15 sling bullets
Armour
 i - a +1 kite shield
 M - a +2 cloak (worn)
Magical Staves
 s - an uncursed staff of earth
Jewellery
 n - a ring of protection from magic (left hand)
 p - an amulet of the gourmand (around neck)
 r - an uncursed amulet of guardian spirit
 B - an uncursed ring of ice {unknown}
Wands
 t - a wand of random effects (38)
 H - a wand of digging (4)
 I - a wand of enslavement (21)
 J - a wand of disintegration (10)
 K - a wand of flame (11)
Scrolls
 c - 3 scrolls of enchant weapon
 d - 4 scrolls of enchant armour
 e - 5 scrolls of teleportation
 h - 8 scrolls of identify
 q - 6 scrolls of remove curse
 x - 2 scrolls of fear {unknown}
 y - a scroll of immolation {unknown}
 A - 2 scrolls of magic mapping {unknown}
 F - a scroll of amnesia {unknown}
 G - a scroll of torment {unknown}
Potions
 g - 2 potions of mutation
 l - 2 potions of curing {unknown}
 m - 3 potions of brilliance {unknown}
 o - a potion of lignification {unknown}
 u - 2 potions of stabbing
 v - a potion of haste {unknown}
 C - 2 potions of invisibility {unknown}
 D - a potion of berserk rage {unknown}
 E - a potion of resistance
 L - 2 potions of ambrosia {unknown}
Miscellaneous
 N - a phantom mirror
Comestibles
 w - 16 rations


   Skills:
 - Level 8.3 Fighting
 - Level 1.7 Dodging
 - Level 1.7 Stealth
 + Level 4.1 Shields
 + Level 6.5 Spellcasting
 - Level 4.0 Conjurations
 - Level 6.2 Summonings
 - Level 4.1 Fire Magic
 - Level 10.0 Ice Magic


You had 11 spell levels left.
You knew the following spells:

 Your Spells              Type           Power        Failure   Level  Hunger
a - Freeze                Ice            ####         1%          1    None
b - Frozen Ramparts       Ice            #####.       1%          3    #......
c - Summon Ice Beast      Ice/Summ       #####...     3%          4    ###....
d - Conjure Flame         Conj/Fire      ###.....     5%          3    #......

Your spell library contained the following spells:

 Spells                   Type           Power        Failure   Level  Hunger
 Foxfire                  Conj/Fire      ###.         1%          1    None
 Summon Small Mammal      Summ           ####         1%          1    None
 Ozocubu's Armour         Chrm/Ice       ####....     3%          3    #......
 Hailstorm                Conj/Ice       ####....     5%          4    ###....
 Animate Skeleton         Necr           N/A          10%         1    None
 Apportation              Tloc           #.....       10%         1    None
 Corona                   Hex            #......      10%         1    None
 Inner Flame              Hex/Fire       ##......     13%         3    #......
 Poisonous Vapours        Pois/Air       #.....       16%         2    None
 Mephitic Cloud           Conj/Pois/Air  ##......     17%         3    #......
 Sticky Flame             Conj/Fire      ###.....     19%         4    ###....
 Fireball                 Conj/Fire      ###.......   45%         5    #####..
 Freezing Cloud           Conj/Ice/Air   ####......   92%         6    ######.
 Ring of Flames           Chrm/Fire      ##........   100%        7    #######


Dungeon Overview and Level Annotations

Branches:
Dungeon (9/15)             Temple (1/1) D:7            Lair (0/6) D:8
    Orc (0/2) D:9

Altars:
Ashenzari
Cheibriados
Dithmenos
Elyvilon
Fedhas
Gozag
Hepliaklqana
Kikubaaqudgha
Makhleb
Nemelex Xobeh
Okawaru
Qazlal
Ru
Sif Muna
Trog
Uskayaw
Vehumet
Wu Jian
Xom
Yredelemnul
Zin
The Shining One


Innate Abilities, Weirdness & Mutations

You can breathe wild blasts of lightning.
Your glossy black scales are hard. (AC +7)
You cannot fit into any form of body armour.
You are resistant to electric shocks. (rElec)
You are cold-blooded and may be slowed by cold attacks.


Message History

The wall freezes the hornet.
The hornet barely misses you.
The wall freezes the hornet.
Unknown command.
You breathe a wild blast of lightning!
The orb of electricity explodes!
The orb of electricity engulfs you! You resist.
* * * LOW HITPOINT WARNING * * *
The orb of electricity engulfs the hornet!!!
You kill the hornet!
Sif Muna accepts your kill.
The orb of electricity engulfs the hornet!
The hornet is moderately wounded.
The orb of electricity explodes!
The orb of electricity engulfs you. You resist.
* * * LOW HITPOINT WARNING * * *
The orb of electricity engulfs the hornet!
The hornet is severely wounded.
The zap misses you.
You feel somewhat less full.
You feel sick.
You hear an angry growl.
You hear a howl!
The wall freezes the hornet. x2; The hornet stings you!
You die...

#.. #.. ..# ### # #.#
## #. #.# #. ### # #.
#.##### ####
#.####.#.##......
#.#.##...........#####
#?#y@..####.#.#.##...
#.##..###.###....(##
#.#y#.....#.#.#.#####
#######.##.#..##.#####
#............###......
#######.......########
#.......# #
########.......## #
#.................# #


You could see a hornet.

Vanquished Creatures
  Harold (D:7)
  Erica (D:8)
  Maurice (D:8)
  2 hornets (D:9)
  A hippogriff (D:7)
  Sigmund (D:3)
  5 yaks
  A steam dragon (D:9)
  3 porcupines (D:8)
  A phantom (D:5)
  An orc warrior (D:7)
  4 sky beasts
  An ice beast (D:6)
  A wolf (D:9)
  3 ogres
  A centaur (D:6)
  A crocodile (D:8)
  2 big kobolds (D:7)
  5 bullfrogs
  4 scorpions
  3 howler monkeys
  2 crimson imps
  A jelly (D:9)
  6 hounds
  3 orc priests
  Jessica (D:2)
  7 orc wizards
  Terence (D:3)
  5 worker ants
  Robin (D:3)
  7 gnolls (D:4)
  11 adders
  2 shadow imps (D:6)
  2 oozes
  An adder zombie (D:9)
  An adder skeleton (D:4)
  2 worms
  A dart slug (D:4)
  2 leopard geckos
  31 orcs
  4 giant cockroaches
  12 goblins (D:3)
  8 hobgoblins
  10 jackals
  5 quokkas
  A ball python (D:2)
  4 bats
  4 frilled lizards
  A giant cockroach zombie (D:6)
  14 kobolds
  A leopard gecko skeleton (D:5)
  A quokka skeleton (D:6)
  3 rats (D:3)
198 creatures vanquished.

Vanquished Creatures (collateral kills)
  Psyche (D:8)
  A gargoyle (D:9)
  A hippogriff (D:8)
  2 yaks (D:9)
  A bullfrog (D:8)
  A crimson imp (D:9)
7 creatures vanquished.

Vanquished Creatures (others)
  4 fungi (D:8)
  5 plants (D:8)
9 creatures vanquished.

Grand Total: 214 creatures vanquished

Notes
Turn   | Place    | Note
-------+----------+-------------------------------------------
     0 | D:1      | Hastur the Draconian Ice Elementalist began the quest for
                  | the Orb.
     0 | D:1      | Reached XP level 1. HP: 14/14 MP: 3/3
   672 | D:2      | Noticed Jessica
  1166 | D:1      | Reached XP level 2. HP: 20/20 MP: 1/5
  1458 | D:2      | Killed Jessica
  1458 | D:2      | Reached XP level 3. HP: 25/29 MP: 3/7
  1695 | D:2      | Noticed a scorpion
  1700 | D:2      | Killed a scorpion
  1700 | D:2      | Reached XP level 4. HP: 23/40 MP: 2/8
  1892 | D:2      | Learned a level 3 spell: Frozen Ramparts
  2062 | D:3      | Noticed Sigmund
  2087 | D:3      | Reached XP level 5. HP: 22/47 MP: 3/9
  2380 | D:3      | Found an iron altar of Okawaru.
  2583 | D:3      | Killed Sigmund
  2583 | D:3      | Reached XP level 6. HP: 54/57 MP: 2/10
  2868 | D:3      | Noticed Terence
  2882 | D:3      | Killed Terence
  2965 | D:3      | Noticed Robin
  3125 | D:3      | Killed Robin
  3175 | D:3      | Found a basalt altar of Yredelemnul.
  3423 | D:4      | Found a shimmering blue altar of Sif Muna.
  3437 | D:4      | Found a radiant altar of Vehumet.
  3448 | D:4      | Became a worshipper of Sif Muna the Loreminder
  3582 | D:4      | Your scales start taking on a glossy black colour.
  3582 | D:4      | Reached XP level 7. HP: 66/66 MP: 7/11
  3582 | D:4      | Gained mutation: You are resistant to electric shocks.
                  | (rElec) [Black Draconian growth]
  3723 | D:4      | Learned a level 4 spell: Summon Ice Beast
  3975 | D:4      | Reached * piety under Sif Muna
  3994 | D:4      | Found a shimmering altar of Xom.
  4055 | D:4      | Reached skill level 1 in Summonings
  4206 | D:5      | Entered Level 5 of the Dungeon
  4329 | D:5      | Reached XP level 8. HP: 52/74 MP: 13/13
  5122 | D:5      | Reached skill level 5 in Ice Magic
  5583 | D:6      | Found a shattered altar of Ashenzari.
  5725 | D:6      | Reached skill level 5 in Spellcasting
  5725 | D:6      | Reached skill level 6 in Ice Magic
  5811 | D:6      | Learned a level 3 spell: Conjure Flame
  5994 | D:6      | Found a blossoming altar of Fedhas.
  6064 | D:6      | Reached skill level 5 in Summonings
  6207 | D:6      | Found a bloodstained altar of Trog.
  6464 | D:7      | Noticed a hippogriff
  6477 | D:7      | Killed a hippogriff
  6477 | D:7      | Reached ** piety under Sif Muna
  6477 | D:7      | Reached XP level 9. HP: 61/81 MP: 5/16
  6539 | D:7      | Found a staircase to the Ecumenical Temple.
  6562 | D:7      | Found a white marble altar of Elyvilon.
  6577 | Temple   | Entered the Ecumenical Temple
  6773 | D:7      | Found a stormy altar of Qazlal.
  6773 | D:7      | Found a shadowy altar of Dithmenos.
  7114 | D:7      | Noticed Harold
  7118 | D:7      | Reached skill level 1 in Conjurations
  7118 | D:7      | Reached skill level 1 in Fire Magic
  7132 | D:7      | Killed Harold
  7847 | D:8      | Reached skill level 7 in Ice Magic
  7865 | D:8      | Found a staircase to the Lair.
  7913 | D:8      | Reached XP level 10. HP: 80/88 MP: 10/17
  7931 | D:8      | Reached skill level 8 in Ice Magic
  7964 | D:8      | Noticed Psyche
  7980 | D:8      | Killed Psyche
  8138 | D:8      | Found a burning altar of Makhleb.
  8169 | D:8      | Noticed Erica
  8182 | D:8      | Killed Erica
  8182 | D:8      | Reached skill level 9 in Ice Magic
  8627 | D:8      | Noticed Maurice
  8642 | D:8      | Killed Maurice
  8709 | D:8      | Found a glowing golden altar of the Shining One.
  8773 | D:8      | Found a sacrificial altar of Ru.
  8823 | D:9      | Reached *** piety under Sif Muna
  8873 | D:9      | Reached skill level 10 in Ice Magic
  8892 | D:9      | Noticed a gargoyle
  8898 | D:9      | Killed a gargoyle
  8898 | D:9      | Reached skill level 1 in Shields
  9389 | D:9      | Found a staircase to the Orcish Mines.
  9785 | D:9      | Paralysed by a hornet for 2 turns
  9789 | D:9      | Mangled by a hornet

Levels and vault maps discovered:
D:1:      dpeg_chamrin_arrival_tetris, layout_basic
D:2:      layout_basic, kennysheep_jessica_study
D:3:      layout_rooms, yredelemnul_altar_generic, lemuel_round_altar,
          first_ration, uniq_terence, uniq_robin, uniq_sigmund
D:4:      layout_loops_ring, kennysheep_mini, kennysheep_little_box,
          lemuel_crystal_altar
D:5:      layout_basic
D:6:      layout_gridville, fedhas_bush_and_centaur_altar,
          evilmike_ruin_ashenzari, trog_three_pillars_becter
D:7:      layout_gridville, gammafunk_temple_overflow_wave, elyvilon_altar_4,
          minmay_temple_entry_stoned_glass, grunt_ministairs_8, uniq_harold
D:8:      layout_loops_corners, lemuel_round_altar, tso_altar,
          lemuel_coloured_pillars_altar, due_lair_maze_entry_diamond,
          uniq_erica, uniq_maurice, uniq_psyche
D:9:      layout_loops_cross, orc_0_dummy, serial_shops, shop,
          hangedman_pestilent_swarm, uniq_grum
Temple:   compressed_dpeg_triangle_lava_temple

Skill      XL: |  1  2  3  4  5  6  7  8  9 10 |
---------------+-------------------------------+-----
Spellcasting   | 3 5 6 |  6.5
Fighting       | 2 3 4 6 7 8 |  8.3
Summonings     | 2 5 6 |  6.2
Ice Magic      | 6 7 10 | 10.0
Conjurations   | 4 |  4.0
Fire Magic     | 4 |  4.1
Shields        | 4 |  4.1
Dodging        | |  1.7
Stealth        | |  1.7

Action                   |  1- 3 |  4- 6 |  7- 9 | 10-12 || total
-------------------------+-------+-------+-------+-------++-------
Melee: Unarmed           |     1 |       |       |       ||     1
       Short sword       |     2 |     3 |       |       ||     5
       Tailslap          |       |     2 |     4 |     6 ||    12
       Dagger            |       |       |    17 |    76 ||    93
       Hunting sling     |       |       |     2 |       ||     2
 Fire: Hunting sling     |       |    67 |   309 |       ||   376
 Cast: Freeze            |    36 |    40 |    33 |     9 ||   118
       Frozen Ramparts   |       |    13 |    24 |    18 ||    55
       Conjure Flame     |       |       |     1 |       ||     1
       Summon Ice Beast  |       |       |     1 |     9 ||    10
 Abil: Breathe Lightning |       |       |     2 |     1 ||     3
  Use: Scroll            |       |     8 |       |       ||     8
 Stab: Sleeping          |       |       |       |     4 ||     4
  Eat: Chunk             |     2 |    14 |    16 |     5 ||    37
       Ration            |       |     1 |       |       ||     1
Armor: Skin              |     6 |    19 |    41 |    31 ||    97
Dodge: Dodged            |    17 |    45 |    94 |    54 ||   210

Table legend:
 A = Non-vault XP
 B = Vault XP
 C = Vault XP percentage of total XP
 D = Non-vault monster count
 E = Vault monster count
 F = Vault count percentage of total count
                 A         B        C        D         E       F
            +---------+---------+-------+---------+---------+-------
      Total |    5662 |    4735 |  45.5 |     169 |      36 |  17.6
            +---------+---------+-------+---------+---------+-------
        D:1 |      11 |       0 |   0.0 |       6 |       0 |   0.0
        D:2 |     122 |      39 |  24.2 |      13 |       2 |  13.3
        D:3 |     230 |     298 |  56.4 |      34 |      15 |  30.6
        D:4 |     405 |       0 |   0.0 |      24 |       0 |   0.0
        D:5 |     807 |       0 |   0.0 |      27 |       0 |   0.0
        D:6 |     646 |     112 |  14.8 |      11 |       1 |   8.3
        D:7 |    1086 |    1021 |  48.5 |      28 |       2 |   6.7
        D:8 |     480 |    2536 |  84.1 |       8 |      12 |  60.0
        D:9 |    1875 |     729 |  28.0 |      18 |       4 |  18.2
            +---------+---------+-------+---------+---------+-------
